 Dungeon Crawl Stone Soup version 0.29-a0-334-gb41bcbb86e (webtiles) character file.

Game seed: 5760164897831116815

3198 jlumianski the Chopper (level 9, -20/69 HPs)
             Began as a Demonspawn Fighter on Apr 14, 2022.
             Was a Follower of Qazlal.
             Demolished by an orc knight
             ... wielding a +0 halberd
              (33 damage)
             ... in a bailey.
             The game lasted 00:31:48 (7801 turns).

jlumianski the Chopper (Demonspawn Fighter)         Turns: 7801, Time: 00:31:48

Health: -20/69     AC: 22    Str: 27    XL:     9   Next: 64%
Magic:  0/9        EV: 10    Int: 11    God:    Qazlal [*.....]
Gold:   251        SH: 11    Dex:  8    Spells: 8/8 levels left

rFire   . . .      SeeInvis .   a - +0 war axe (freeze)
rCold   + + +      Faith    .   c - +0 buckler
rNeg    . . .      Spirit   +   y - +6 scale mail "Niump" {rC+++ Regen+ Int+2 Dex-5}
rPois   +          Reflect  +   (helmet restricted)
rElec   .          Harm     .   f - +2 cloak
rCorr   .          Rampage  .   (no gloves)
Will    .....                   (no boots)
Stlth   ..........              k - amulet of reflection
HPRegen 1.01/turn               s - ring of poison resistance
MPRegen 0.22/turn               r - +6 ring of strength

@: mighty, sanguine armoured
A: antennae 1, demonic guardian 1, magic shield, magic regeneration, magic link,
sanguine armour 1
a: Renounce Religion


You were in a bailey.
You worshipped Qazlal.
Qazlal was aware of your devotion.
You visited 2 branches of the dungeon, and saw 8 of its levels.
You also visited: Bailey.

You collected 251 gold pieces.

Inventory:

Hand Weapons
 a - a +0 war axe of freezing (weapon)
 j - a +3 dagger of speed
 l - a +0 hand crossbow
 q - a +2 dagger of venom
 x - a +2 vorpal trident
 B - a +0 hand axe of freezing
 G - a +1 vorpal mace
 H - a +0 whip of electrocution
Missiles
 m - 298 stones (quivered)
 p - 29 poisoned darts
 A - a curare-tipped dart
 K - 2 boomerangs
Armour
 b - a +0 scale mail
 c - a +0 buckler (worn)
 f - a +2 cloak (worn)
 o - a +0 troll leather armour {Pargi}
 y - the +6 scale mail "Niump" (worn) {rC+++ Regen+ Int+2 Dex-5}
   (You found it on level 4 of the Dungeon)

   Int:       It affects your intelligence (+2).
   Dex:       It affects your dexterity (-5).
   rC:        It renders you almost immune to cold.
   Regen:     It increases your rate of health regeneration.
 C - a +1 leather armour of fire resistance
 P - a +0 plate armour
Magical Staves
 t - a staff of fire
 D - a staff of poison
 I - a staff of conjuration
Jewellery
 e - a ring of wizardry
 k - an amulet of reflection (around neck)
 r - a +6 ring of strength (right hand)
 s - a ring of poison resistance (left hand)
 u - a ring of magical power
 Q - the amulet "Ytruneig" {Spirit rElec rF++ SInv}
   (You found it in a bailey)

   [amulet of guardian spirit]

   It causes incoming damage to be divided between your reserves of health and
   magic.
   rF:        It greatly protects you from fire.
   rElec:     It insulates you from electricity.
   SInv:      It lets you see invisible.
Wands
 v - a wand of charming (8)
 L - a wand of paralysis (10)
Scrolls
 g - a scroll of magic mapping
 w - a scroll of enchant armour
 N - a scroll of identify
Potions
 d - 4 potions of might
 h - a potion of mutation
 i - 3 potions of attraction
 n - a potion of resistance
 z - a potion of heal wounds
 E - a potion of haste
 F - a potion of ambrosia
 J - 2 potions of flight {unknown}
 M - a potion of curing {unknown}
 O - a potion of lignification


   Skills:
 * Level 6.2 Fighting
 + Level 7.5 Axes
 + Level 1.1 Crossbows
 + Level 5.2 Armour
 + Level 3.1 Dodging
 + Level 0.9 Stealth
 + Level 5.5 Shields
 * Level 4.4 Evocations


You had 8 spell levels left.
You didn't know any spells.
Your spell library contained the following spells:

 Spells                   Type           Power      Damage    Failure   Level
 Sting                    Tmut/Pois      0%         1d3       67%         1
 Poisonous Vapours        Pois/Air       0%         N/A       82%         2
 Conjure Flame            Conj/Fire      0%         6-21      96%         3
 Gell's Gravitas          Tloc           0%         N/A       96%         3
 Ignite Poison            Fire/Tmut/Pois 0%         N/A       96%         3
 Lesser Beckoning         Tloc           0%         N/A       96%         3
 Teleport Other           Tloc           0%         N/A       96%         3
 Leda's Liquefaction      Hex/Erth       0%         N/A       100%        4
 Olgreb's Toxic Radiance  Pois           0%         N/A       100%        4
 Sticky Flame             Conj/Fire      0%         2d3       100%        4
 Lee's Rapid Deconstruct  Erth           0%         3d5*      100%        5
 Statue Form              Tmut/Erth      0%         N/A       100%        6


Dungeon Overview and Level Annotations

Branches:
Dungeon (7/15)             Temple (1/1) D:7          Bailey (1/1)

Altars:
Ashenzari
Cheibriados
Dithmenos
Elyvilon
Gozag
Hepliaklqana
Nemelex Xobeh
Okawaru
Qazlal
Ru
Trog
Uskayaw
Vehumet
Wu Jian
Xom
Yredelemnul
The Shining One

Shops:
D:1 :   D:6 (   D:7 =


Innate Abilities, Weirdness & Mutations

You have a pair of small antennae on your head.
A weak demonic guardian rushes to your aid.
When hurt, damage is shared between your health and your magic reserves.
You regenerate magic rapidly.
When low on magic, you restore magic in place of health.
When seriously injured, your blood forms armour. (AC +6)


Message History

There is an open gate here.
Q - the amulet "Ytruneig" {Spirit rElec rF++ SInv} You feel very mighty all of a sudden.
You open the door. 2 orc warriors and 2 orc knights come into view.
The orc warrior shouts! x2; The orc knight shouts! x2
You block the orc warrior's attack.
The orc knight roars a battlecry!
The orcs go into a battle-frenzy!
Found two items.
Found a roughly hewn altar of Beogh.
There is an open gate here.
You block the orc knight's attack.
The orc warrior hits you from afar with a +0 trident!!
A demonic guardian appears!
You block the orc warrior's attack.
The orc warrior hits you with a +0 trident!
Your blood congeals into armour.
The orc knight hits you but does no damage.
The orc knight roars a battlecry!
The orc knight goes into a battle-frenzy!
There is an open door, spattered with blood here.
You barely miss the orc knight. You slash the orc warrior!
You freeze the orc warrior. You slash the orc warrior!
You freeze the orc warrior. You closely miss the orc knight.
You block the orc warrior's attack.
The orc warrior hits you with a +0 trident.
The orc knight hits you with a +0 halberd.
The orc knight hits you with a +0 halberd!
Your shadow imp hits the orc warrior.
You slash the orc knight! You freeze the orc knight.
The orc knight is moderately wounded.
You hit the orc knight. You freeze the orc knight.
You hit the orc warrior but do no damage.
You barely miss the orc warrior.
The orc warrior hits you with a +0 glaive!!
* * * LOW HITPOINT WARNING * * *
A demonic guardian appears!
The orc warrior hits you but does no damage.
The orc knight hits you with a +0 halberd!!
You die...

..≈##.##≈...............≈##.##≈..
..≈#...))....................#≈..
..≈##)∩#≈...............≈#∩)##≈..
..≈≈#.##≈....#######....≈##)#≈≈..
...≈≈.≈≈≈...##....##....≈≈≈)≈≈...
...........##.....##.............
..........##..#5''##.............
..........#..##o.∩##..##.........
.........##.####@####.##.........
.........##.')#ooo#)'.##.........
.........##.###.5.###.##.........
.........##.'.#).?#)'.##.........
.........##.#########.##.........
..........#..##)#)##..#..........
..........##..#'#'#..##..........
...........##.......##...........
...≈≈.≈≈≈...#########...≈≈≈.≈≈...


You could see 2 orc knights, 2 orc warriors and 2 friendly shadow imps.

Vanquished Creatures
  A steam dragon (D:7)
  A water moccasin (D:5)
  Pargi (D:3)
  A sky beast (D:7)
  10 orc warriors
  A black bear (D:6)
  An ice beast (D:6)
  2 ogres
  A centaur (D:7)
  2 kobold brigands (D:6)
  2 necrophages (D:4)
  5 scorpions
  3 hounds
  4 jellies
  2 orc priests (D:5)
  6 iguanas
  4 orc wizards
  A mummy (D:3)
  Robin (D:3)
  3 gnolls (D:6)
  7 adders
  A shadow imp (D:6)
  3 ufetubi
  2 worms
  5 dart slugs
  42 orcs
  2 ball pythons
  6 endoplasms
  3 giant cockroaches
  11 goblins
  6 hobgoblins
  9 jackals
  4 quokkas
  4 bats
  4 frilled lizards
  28 kobolds
  6 rats
195 creatures vanquished.

Vanquished Creatures (others)
  A kobold (D:6)
  52 plants (D:6)
53 creatures vanquished.

Grand Total: 248 creatures vanquished

Notes
Turn   | Place    | Note
-------+----------+-------------------------------------------
     0 | D:1      | jlumianski the Demonspawn Fighter began the quest for the
                  | Orb.
     0 | D:1      | Reached XP level 1. HP: 18/18 MP: 1/1
    29 | D:1      | Found Nacuzxusu's Book Emporium.
   178 | D:1      | Reached skill level 2 in Axes
   277 | D:1      | Gained mutation: You have a pair of small antennae on your
                  | head. [demonic ancestry]
   277 | D:1      | Reached XP level 2. HP: 4/24 MP: 2/2
   785 | D:4      | Gained mutation: You regenerate magic rapidly. [demonic
                  | ancestry]
   785 | D:4      | Reached XP level 3. HP: 26/29 MP: 3/3
   910 | D:5      | Entered Level 5 of the Dungeon
   947 | D:5      | Reached skill level 3 in Axes
   947 | D:5      | Gained mutation: When hurt, damage is shared between your
                  | health and your magic reserves. [demonic ancestry]
   947 | D:5      | Reached XP level 4. HP: 24/35 MP: 4/4
  1227 | D:1      | Found a faded altar of an unknown god.
  2694 | D:2      | Gained mutation: When low on magic, you restore magic in
                  | place of health. [demonic ancestry]
  2694 | D:2      | Reached XP level 5. HP: 34/41 MP: 3/5
  3057 | D:3      | Noticed Robin
  3082 | D:3      | Killed Robin
  3244 | D:3      | Noticed Pargi
  3311 | D:3      | Killed Pargi
  3312 | D:3      | Reached XP level 6. HP: 37/47 MP: 4/6
  3539 | D:3      | Reached skill level 1 in Dodging
  3939 | D:4      | HP: 1/47 [ogre/+0 giant club (7)]
  3941 | D:4      | Reached skill level 4 in Axes
  4288 | D:3      | Found a snail-covered altar of Cheibriados.
  4496 | D:4      | Found a shimmering altar of Xom.
  4540 | D:4      | Gained mutation: A weak demonic guardian rushes to your
                  | aid. [demonic ancestry]
  4540 | D:4      | Reached XP level 7. HP: 51/53 MP: 7/7
  4690 | D:4      | Identified the +6 scale mail "Niump" {rC+++ Regen+ Int+2
                  | Dex-5}
  4926 | D:5      | Reached skill level 5 in Axes
  4973 | D:5      | Reached skill level 1 in Evocations
  5172 | D:5      | Reached XP level 8. HP: 46/61 MP: 8/8
  5885 | D:6      | Reached skill level 5 in Fighting
  5885 | D:6      | Reached skill level 6 in Axes
  6358 | D:6      | Found a broken altar of Ashenzari.
  6473 | D:6      | Found Fuwaninn's Weapon Emporium.
  6568 | D:6      | Reached skill level 1 in Crossbows
  6965 | D:7      | Found Asykheg's Jewellery Shoppe.
  6972 | D:7      | Gained mutation: When seriously injured, your blood forms
                  | armour. (AC +6) [demonic ancestry]
  6972 | D:7      | Reached XP level 9. HP: 62/68 MP: 7/9
  7061 | D:7      | Found a flagged portal.
  7141 | D:7      | Found a staircase to the Ecumenical Temple.
  7171 | Temple   | Entered the Ecumenical Temple
  7232 | Temple   | Became a worshipper of Qazlal Stormbringer
  7308 | D:7      | Reached skill level 5 in Shields
  7336 | D:7      | Reached skill level 5 in Armour
  7374 | Bailey   | Entered a bailey
  7406 | Bailey   | Reached skill level 7 in Axes
  7539 | Bailey   | Reached * piety under Qazlal
  7793 | Bailey   | Identified the amulet "Ytruneig" {Spirit rElec rF++ SInv}
  7796 | Bailey   | Found the +10 zealot's sword {holy, *Rage rN+ EV+3}
  7796 | Bailey   | Noticed an orc knight
  7796 | Bailey   | Noticed an orc knight
  7801 | Bailey   | Demolished by an orc knight

Illustrated notes

Levels and vault maps discovered:
D:1:      wander_arrival_chamber, layout_basic, ebering_ecumenical_altar_rust,
          serial_shops, shop
D:2:      layout_basic
D:3:      layout_loops_cross, chei_slow_surprise, grunt_ministairs_1,
          uniq_robin, uniq_pargi
D:4:      layout_basic, mainiacjoe_overflow_paths
D:5:      layout_loops_ring, mainiacjoe_overflow_catwalk
D:6:      kennysheep_kobold_camp, layout_loops_ring,
          mainiacjoe_overflow_alcove_2, serial_shops,
          nicolae_shop_bloodbath_and_beyond
D:7:      layout_cave_pods, temple_pool_b, enter_bailey_8, serial_shops, shop
Temple:   cyrus_circular_temple
Bailey:   bailey_polearm_2, bailey

Skill      XL: |  1  2  3  4  5  6  7  8  9 |
---------------+----------------------------+-----
Axes           | 2 3 4 5 6 7 |  7.5
Armour         | 3 4 5 |  5.2
Shields        | 3 4 5 |  5.5
Dodging        | 2 3 |  3.1
Fighting       | 4 5 6 |  6.2
Evocations     | 1 3 4 |  4.4
Crossbows      | 1 |  1.1
Stealth        | |  0.9

Action                   |  1- 3 |  4- 6 |  7- 9 || total
-------------------------+-------+-------+-------++-------
Melee: War axe           |    57 |   216 |   419 ||   692
 Fire: Hand crossbow     |     2 |     8 |    10 ||    20
  Use: Scroll            |       |     6 |     6 ||    12
       Potion            |       |     4 |     2 ||     6
 Stab: Distracted        |       |       |     1 ||     1
Armor: Scale mail        |    27 |    88 |   190 ||   305
Dodge: Dodged            |    16 |    73 |   197 ||   286
Block: Buckler           |    12 |   125 |   252 ||   389
       Reflection        |       |     3 |    24 ||    27

Table legend: (Time is in decaauts)
 A = Elapsed time spent in this place.
 B = Non-inter-level travel time spent in this place.
 C = Inter-level travel time spent in this place.
 D = Time resting spent in this place.
 E = Time spent auto-exploring this place.
 F = Levels seen in this place.
 G = Mean time per level.
                   A        B        C        D        E       F      G
               +--------+--------+--------+--------+--------+-----+--------+
         Total |   8031 |   7921 |    110 |    906 |   3526 |   9 |  892.3 |
       Dungeon |   7508 |   7398 |    110 |    906 |   3459 |   7 | 1072.6 |
        Temple |     82 |     82 |      0 |      0 |      0 |   1 |   82.0 |
        Bailey |    440 |    440 |      0 |      0 |     67 |   1 |  440.0 |
               +--------+--------+--------+--------+--------+-----+--------+

Top non-repeatable levels by time:
     D:2: 1664 daAuts
     D:3: 1469 daAuts
     D:6: 1192 daAuts
     D:1: 1161 daAuts
     D:5: 895 daAuts
     D:4: 641 daAuts
     D:7: 485 daAuts
  Bailey: 440 daAuts
  Temple: 82 daAuts
